 Dungeon Crawl Stone Soup version 0.30-a0-168-g0b976cbdc4 (webtiles) character file.

Game seed: 9883223044266086747

226 qw the Chopper (level 6, -4/37 HPs)
             Began as a Gargoyle Fighter on Sept 29, 2022.
             Killed by divine providence
             ... invoked by an orc priest
              (9 damage)
             ... on level 3 of the Dungeon.
             The game lasted 00:01:00 (2010 turns).

qw the Chopper (Gargoyle Fighter)                   Turns: 2010, Time: 00:01:00

Health: -4/37      AC: 16    Str: 22    XL:     6   Next: 1%
Magic:  6/6        EV: 10    Int:  8    God:
Gold:   131        SH:  4    Dex:  9    Spells: 5/5 levels left

rFire   . . .      SeeInvis .    Y - +1 war axe
rCold   + + .      Faith    .    c - +0 buckler
rNeg    + . .      Spirit   .    f - +6 ring mail of Prudence {rC++}
rPois   inf        Reflect  .    (no helmet)
rElec   +          Harm     .    (no cloak)
rCorr   .          Rampage  .    (no gloves)
Will    .....                    (no boots)
Stlth   ..........               (no amulet)
HPRegen 0.12/turn                (no ring)
MPRegen 0.10/turn                (no ring)

@: about to teleport
A: sickness immunity, AC +4, negative energy resistance 1, electricity
resistance, torment resistance 1, petrification resistance
a: no special abilities


You were on level 3 of the Dungeon.
You visited 1 branch of the dungeon, and saw 3 of its levels.

You collected 131 gold pieces.


Innate Abilities, Weirdness & Mutations

You are immune to sickness and miasma.
Your stone body is resilient. (AC +4)
You are immune to poison.
You resist negative energy. (rN+)
You are resistant to electric shocks. (rElec)
You are resistant to unholy torment.
You are immune to petrification.


   Skills:
 - Level 3.2 Fighting
 - Level 5.4 Axes
 - Level 3.2 Armour
 + Level 0.7 Dodging
 - Level 3.2 Shields


You had 5 spell levels left.
You didn't know any spells.
Your spell library was empty.

Inventory:

Hand Weapons
 g - a +2 whip of draining
 Y - a +1 war axe (weapon)
Missiles
 b - 2 boomerangs (quivered)
Armour
 c - a +0 buckler (worn)
 f - the +6 ring mail of Prudence (worn) {rC++}
   (You found it on level 2 of the Dungeon)

   rC:        It greatly protects you from cold.
Scrolls
 a - a scroll of identify
 e - a scroll of fear {unknown}
 h - 3 scrolls of teleportation
 l - a scroll of blinking {unknown}
 m - a scroll of brand weapon {unknown}
Potions
 d - 2 potions of might
 i - a potion of lignification
 j - a potion of heal wounds {unknown}
 k - a potion of curing

Dungeon Overview and Level Annotations

Branches:
Dungeon (3/15)

Altars:


Message History

The hobgoblin is almost dead.
The hobgoblin hits you but does no damage.
You slash the hobgoblin!
You kill the hobgoblin!
The bat barely misses you. The bat barely misses you.
The bat barely misses you. The bat hits you but does no damage.
The bat barely misses you.
You closely miss the bat. The bat hits you.
The bat hits you but does no damage.
You slash the bat!
You kill the bat!
You hit the rat.
The rat is heavily wounded.
You block the rat's attack.
You barely miss the rat.
The rat is heavily wounded.
The rat barely misses you.
You slash the rat!
You kill the rat!
The orc priest misses you.
You closely miss the orc priest.
The orc priest miscasts a cantrip.
You hit the orc priest but do no damage.
The orc priest hits you with a +0 whip of flaming.
The orc priest burns you.
You slash the orc priest!
The orc priest is heavily wounded.
The orc priest calls down the wrath of Beogh upon you.
Beogh smites you!
2009 ||| READING 4 scrolls of teleportation.
As you read the scroll of teleportation, it crumbles to dust.
You feel strangely unstable. The orc priest barely misses you.
You hit the orc priest but do no damage.
The orc priest is heavily wounded.
The orc priest hits you but does no damage.
The orc priest invokes the aid of Beogh against you.
Beogh smites you!
You die...

# #.###......))..##
....####..........>))...
..........#.#####.##.###
.....####...# ##.##.###
... ##.?##)#####..##....
. #....)...........(..
#....#....#....##...
##..#####...........
##@###.##...##%....
##o'?..#.####.#...
#$bg'###?##.####.#...
#..grS #.......#)##
#...!r ......).....
#..o.o ............#
##(..# ............##
#### ...######.# ... ###


You could see an orc priest.

Vanquished Creatures
  A howler monkey (D:3)
  Jessica (D:3)
  An iguana (D:3)
  5 adders
  2 worms
  3 dart slugs
  6 orcs (D:3)
  9 bats
  5 endoplasms
  4 giant cockroaches (D:1)
  10 goblins
  7 hobgoblins
  4 kobolds
  3 quokkas
  5 ball pythons
  3 frilled lizards
  4 rats
73 creatures vanquished.

Notes
Turn   | Place    | Note
-------+----------+-------------------------------------------
     0 | D:1      | qw the Gargoyle Fighter began the quest for the Orb.
     0 | D:1      | Reached XP level 1. HP: 14/14 MP: 1/1
     0 | D:1      | 0 ||| qw: Version: 0.2-a-12-gaebbb33
     0 | D:1      | 0 ||| qw: Game counter: 1182
     0 | D:1      | 0 ||| qw: Always use a shield: true
     0 | D:1      | 0 ||| qw: God list: Okawaru
     0 | D:1      | 0 ||| qw: Allow faded altars: false
     0 | D:1      | 0 ||| qw: Do Orc after D:15 true
     0 | D:1      | 0 ||| qw: Do second Lair branch before Depths: true
     0 | D:1      | 0 ||| qw: Lair rune preference: random
     0 | D:1      | 0 ||| qw: Plans: Normal, Zot:1-4, God:TSO, Crypt, Tomb,
                  | Pan, Slime:5, Hells, Abyss, Orb
     0 | D:1      | 0 ||| PLANNING D:1-11
    18 | D:1      | Reached skill level 2 in Axes
    26 | D:1      | Reached XP level 2. HP: 15/19 MP: 2/2
   157 | D:1      | Found a faded altar of an unknown god.
   212 | D:1      | 212 ||| Stepping ~*~*~tactically~*~*~ (hiding).
   217 | D:1      | 217 ||| Stepping ~*~*~tactically~*~*~ (hiding).
   268 | D:1      | Reached skill level 3 in Axes
   377 | D:1      | Reached XP level 3. HP: 23/23 MP: 3/3
   696 | D:1      | 696 ||| READING 2 scrolls labelled TEWUEK VYR.
   697 | D:1      | 697 ||| READING scroll labelled EVEFATHR LUSISH.
   698 | D:1      | 698 ||| READING 3 scrolls labelled SIOMMO YNIXZOI.
   702 | D:1      | 702 ||| READING scroll labelled VITOMI VEENEL.
  1121 | D:2      | 1121 ||| Stepping ~*~*~tactically~*~*~ (stealth).
  1222 | D:2      | Reached XP level 4. HP: 28/28 MP: 4/4
  1371 | D:2      | Identified the +6 ring mail of Prudence {rC++}
  1401 | D:2      | Reached skill level 4 in Axes
  1616 | D:2      | 1616 ||| UPGRADING to +6 ring mail of Prudence {rC++}.
  1626 | D:2      | 1626 ||| DROPPING +0 scale mail.
  1627 | D:2      | 1627 ||| READING scroll labelled POKUOL ZURU.
  1628 | D:2      | 1628 ||| READING scroll labelled URRAIXZEBLE.
  1629 | D:2      | 1629 ||| DRINKING 2 bubbling amethyst potions.
  1630 | D:2      | 1630 ||| READING 3 scrolls of identify.
  1630 | D:2      | 1630 ||| IDENTIFYING lumpy golden potion
  1631 | D:2      | 1631 ||| READING 2 scrolls of identify.
  1631 | D:2      | 1631 ||| IDENTIFYING white potion
  1632 | D:2      | 1632 ||| DROPPING potion of magic.
  1675 | D:3      | 1675 ||| Stepping ~*~*~tactically~*~*~ (hiding).
  1799 | D:3      | Noticed Jessica
  1800 | D:3      | 1800 ||| Stepping ~*~*~tactically~*~*~ (hiding).
  1803 | D:3      | Killed Jessica
  1804 | D:3      | Reached XP level 5. HP: 26/32 MP: 5/5
  1821 | D:3      | 1821 ||| FLEEEEING.
  1834 | D:3      | 1834 ||| Stepping ~*~*~tactically~*~*~ (stealth).
  1858 | D:3      | 1858 ||| Stepping ~*~*~tactically~*~*~ (stealth).
  1859 | D:3      | 1859 ||| Stepping ~*~*~tactically~*~*~ (stealth).
  1902 | D:3      | 1902 ||| DROPPING +0 whip.
  1979 | D:3      | 1979 ||| Stepping ~*~*~tactically~*~*~ (hiding).
  1983 | D:3      | Reached skill level 5 in Axes
  1993 | D:3      | Reached XP level 6. HP: 17/37 MP: 6/6
  2008 | D:3      | HP: 4/37 [orc priest/divine providence (12)]
  2009 | D:3      | 2009 ||| READING 4 scrolls of teleportation.
  2010 | D:3      | Killed from afar by an orc priest

Levels and vault maps discovered:
D:1:      ebering_trefoil_3fold, layout_rooms,
          shapermc_ecumenical_altar_mp_ritualfount
D:2:      layout_basic, fountainhead, grunt_decor_resistance
D:3:      layout_rooms, tso_altar, serial_glass, glass_columns_b,
          glass_columns_b, minmay_joined_circles, uniq_jessica, uniq_terence

Skill      XL: |  1  2  3  4  5 |
---------------+----------------+-----
Axes           | 2 3 4 5 |  5.4
Fighting       | |  3.2
Armour         | |  3.2
Dodging        | |  0.7
Shields        | |  3.2

Action                   |  1- 3 |  4- 6 || total
-------------------------+-------+-------++-------
Melee: War axe           |    87 |   103 ||   190
Throw: Boomerang         |       |     3 ||     3
  Use: Scroll            |     4 |     5 ||     9
       Potion            |       |     1 ||     1
Armor: Scale mail        |    54 |    20 ||    74
       Ring mail         |       |    45 ||    45
Dodge: Dodged            |    38 |    52 ||    90
Block: Buckler           |    15 |    16 ||    31

Table legend:
 A = Non-vault XP
 B = Vault XP
 C = Vault XP percentage of total XP
 D = Non-vault monster count
 E = Vault monster count
 F = Vault count percentage of total count
                 A         B        C        D         E       F
            +---------+---------+-------+---------+---------+-------
      Total |     159 |     165 |  50.9 |      60 |      13 |  17.8
            +---------+---------+-------+---------+---------+-------
        D:1 |      44 |       0 |   0.0 |      22 |       0 |   0.0
        D:2 |      62 |       0 |   0.0 |      21 |       0 |   0.0
        D:3 |      53 |     165 |  75.7 |      17 |      13 |  43.3
            +---------+---------+-------+---------+---------+-------
